 Dungeon Crawl Stone Soup version 0.31.0-12-g77e489cdc1 (webtiles) character file.

Game seed: 4687940673336311999

165 Metae the Shield-Bearer (level 5, 0/47 HPs)
             Began as a Minotaur Fighter on Feb 23, 2024.
             Was a Believer of Uskayaw.
             Killed by divine providence
             ... invoked by an orc priest
              (12 damage)
             ... on level 4 of the Dungeon.
             The game lasted 00:05:24 (2729 turns).

Metae the Shield-Bearer (Minotaur Fighter)          Turns: 2729, Time: 00:05:24

Health: 0/47       AC:  8    Str: 22    XL:     5   Next: 21%
Magic:  4/4        EV: 10    Int:  5    God:    Uskayaw [**....]
Gold:   111        SH: 10    Dex: 16    Spells: 4/4 levels left

rFire   + . .        a - +0 trident
rCold   . . .        c - +0 buckler
rNeg    . . .        b - +0 scale mail
rPois   .            (helmet restricted)
rElec   .            j - +0 cloak
rCorr   .            (no gloves)
SInv    .            (no boots)
Will    .....        q - amulet of reflection Stlth
                     f - +6 ring of dexterity
HPRegen 0.27/turn    l - ring of protection from fire
MPRegen 0.09/turn

%: reflection
@: no status effects
A: horns 2, retaliatory headbutt
a: Renounce Religion, Stomp, Line Pass


You were on level 4 of the Dungeon.
You worshipped Uskayaw.
Uskayaw was noncommittal.
You visited 1 branch of the dungeon, and saw 4 of its levels.

You collected 111 gold pieces.

Inventory:

Hand Weapons
 a - a +0 trident (weapon)
Missiles
 e - 4 poisoned darts (quivered)
 h - a throwing net
Armour
 b - a +0 scale mail (worn)
 c - a +0 buckler (worn)
 i - a scarf of resistance
 j - a +0 cloak (worn)
Jewellery
 f - a +6 ring of dexterity (left hand)
 l - a ring of protection from fire (right hand)
 q - an amulet of reflection (around neck)
 s - a ring of poison resistance
 u - a ring of ice
Wands
 o - a wand of flame (31)
Scrolls
 k - 2 scrolls of identify {unknown}
 m - 2 scrolls of fear {unknown}
 n - a scroll of teleportation {unknown}
 p - a scroll of enchant armour {unknown}
 r - 3 scrolls of amnesia {unknown}
 v - a scroll of torment {unknown}
Potions
 d - a potion of might
 g - 2 potions of lignification {unknown}
 t - a potion of brilliance {unknown}


   Skills:
 + Level 4.4 Fighting
 + Level 3.6 Polearms
 + Level 4.5 Armour
 + Level 2.1 Dodging
 + Level 4.5 Shields
 + Level 0.8 Invocations


You had 4 spell levels left.
You didn't know any spells.
Your spell library was empty.

Dungeon Overview and Level Annotations

Branches:
Dungeon (4/15)
 Temple: D:4-7

Altars:
Qazlal
Uskayaw
Wu Jian


Innate Abilities, Weirdness & Mutations

You have a pair of horns on your head.
You reflexively headbutt those who attack you in melee.


Message History

You barely miss the orc. You headbutt the orc, but do no damage.
The orc is lightly wounded.
You hit the orc. You headbutt the orc.
You kill the orc!
You reach to attack!
You closely miss the gnoll. The gnoll misses you.
You reach to attack!
You hit the gnoll.
The gnoll is heavily wounded.
The gnoll barely misses you. You block the gnoll's attack.
The orc priest mumbles some strange prayers to Beogh against you.
Pain shoots through your body!
You reach to attack!
You hit the gnoll.
The gnoll is almost dead.
You block the gnoll's attack.
You can now pass through a line of other dancers.
You reach to attack!
You hit the gnoll but do no damage.
The gnoll is almost dead.
You block the gnoll's attack.
You reach to attack!
You barely miss the gnoll.
The gnoll is almost dead.
You block the gnoll's attack.
The orc priest invokes the aid of Beogh against you.
Pain shoots through your body!
An orc comes into view. It is wielding a +0 club.
You are too injured to fight recklessly!
You are too injured to fight recklessly!
The orc shouts!
The gnoll hits you from afar with a +0 halberd.
The orc priest closely misses you.
You can no longer pass through a line of other dancers.
Unknown command.
You hit the orc priest.
The orc priest is moderately wounded.
You block the gnoll's attack.
The orc priest calls down the wrath of Beogh upon you.
Pain shoots through your body!
* * * LOW HITPOINT WARNING * * *
You can now pass through a line of other dancers.
The orc priest mumbles some strange prayers to Beogh against you.
Beogh smites you!
You die...

............#
..............#..
..............#..
.............o...
............#....
#....$...........
.......g.o.......
......[)...#
..........@#
.........)<#
........(...#
................
..#)...####.#....
...#... ##...<.
.....#. ....
.....#. ... #..
...


You could see an orc priest, a gnoll and an orc.

Vanquished Creatures
  Crazy Yiuf (D:3)
  Ijyb (D:3)
  An adder (D:3)
  3 gnolls (D:4)
  3 dart slugs
  2 ribbon worms
  3 orcs
  7 ball pythons
  5 endoplasms
  4 giant cockroaches
  8 goblins
  4 hobgoblins
  A kobold (D:2)
  A quokka (D:1)
  11 bats
  2 frilled lizards
  4 rats
61 creatures vanquished.

Notes
Turn   | Place    | Note
-------+----------+-------------------------------------------
     0 | D:1      | Metae the Minotaur Fighter began the quest for the Orb.
     0 | D:1      | Reached XP level 1. HP: 19/19 MP: 0/0
   223 | D:1      | Reached XP level 2. HP: 24/27 MP: 1/1
   348 | D:1      | Reached skill level 1 in Dodging
   697 | D:1      | Found a faded altar of an unknown god.
   700 | D:1      | Reached XP level 3. HP: 33/33 MP: 2/2
   794 | D:2      | Found an ornate altar of the Wu Jian Council.
  1608 | D:3      | Noticed Ijyb
  1619 | D:3      | Killed Ijyb
  1620 | D:3      | Reached XP level 4. HP: 39/40 MP: 3/3
  1658 | D:3      | Found a hide-covered altar of Uskayaw.
  1681 | D:3      | Became a worshipper of Uskayaw the Reveller
  1711 | D:3      | Reached * piety under Uskayaw
  2028 | D:3      | Found a stormy altar of Qazlal.
  2045 | D:3      | Reached ** piety under Uskayaw
  2209 | D:3      | Found a runed translucent door.
  2210 | D:3      | Noticed Crazy Yiuf
  2216 | D:3      | Killed Crazy Yiuf
  2587 | D:4      | Reached XP level 5. HP: 47/47 MP: 4/4
  2589 | D:4      | Reached *** piety under Uskayaw
  2729 | D:4      | Killed from afar by an orc priest

Illustrated notes

Levels and vault maps discovered:
D:1:      psy_arrival_spokes, layout_loops_ring,
          shapermc_ecumenical_altar_mp_urbaneastern, minmay_pentomino_o4
D:2:      layout_basic, basic_altar, st_stairs_2,
          chequers_serial_rivers_small_a, nicolae_hexahallways
D:3:      layout_basic, lemuel_crystal_altar, grunt_qazlal_clouds,
          uniq_crazy_yiuf_cottage, uniq_ijyb
D:4:      layout_cave_pools, nicolae_overflow_hidden_temple,
          grunt_gozag_statues, minmay_temple_entry_fiery, minmay_door_square,
          uniq_robin

Skill      XL: |  1  2  3  4 |
---------------+-------------+-----
Dodging        | 1 2 |  2.1
Shields        | 4 |  4.5
Fighting       | 4 |  4.4
Armour         | 4 |  4.5
Polearms       | 3 |  3.6
Invocations    | |  0.8

Action                     |  1- 3 |  4- 6 || total
---------------------------+-------+-------++-------
  Melee: Trident           |    90 |    52 ||   142
         Headbutt          |     9 |    13 ||    22
 Invoke: Stomp             |       |     1 ||     1
   Stab: Paralysed         |       |     1 ||     1
 Armour: Scale mail        |    40 |    20 ||    60
  Dodge: Dodged            |    29 |    11 ||    40
  Block: Buckler           |    13 |    22 ||    35
